 Dungeon Crawl Stone Soup version 0.23-a0-655-g3751e1c (webtiles) character file.

114 tatocazan the Skirmisher (level 4, -1/35 HPs)
             Began as a Demonspawn Abyssal Knight on Jan 7, 2019.
             Was a Believer of Lugonu.
             Killed by divine providence
             ... invoked by an orc priest
              (15 damage)
             ... on level 3 of the Dungeon.
             The game lasted 00:04:52 (2873 turns).

tatocazan the Skirmisher (DsAK)                     Turns: 2873, Time: 00:04:53

Health: -1/35      AC:  6    Str: 12    XL:     4   Next: 66%
Magic:  6/6        EV: 12    Int: 14    God:    Lugonu [**....]
Gold:   58         SH:  0    Dex: 13    Spells: 3/3 levels left

rFire    . . .     SeeInvis .   a - +1 spear
rCold    . . .     Gourm    .   (no shield)
rNeg     . . .     Faith    .   b - +0 leather armour
rPois    .         Spirit   .   (helmet restricted)
rElec    .         Reflect  .   k - +2 cloak
rCorr    .         Harm     .   (no gloves)
MR       .....                  (no boots)
Stlth    +.........             (no amulet)
HPRegen  0.11/turn              e - ring of attention
MPRegen  0.10/turn              (no ring)

@: very slightly contaminated
A: antennae 1, nightstalker 1
a: Depart the Abyss, Bend Space, Renounce Religion


You were on level 3 of the Dungeon.
You worshipped Lugonu.
Lugonu was pleased with you.
You were not hungry.

You visited 1 branch of the dungeon, and saw 3 of its levels.
You visited the Abyss 1 time.

You collected 58 gold pieces.

Inventory:

Hand Weapons
 a - a +1 spear (weapon)
Armour
 b - a +0 leather armour (worn)
 k - a +2 cloak (worn)
Jewellery
 e - a ring of attention (left hand)
 o - an uncursed ring of resist corrosion {unknown}
Wands
 n - a wand of random effects (9)
Scrolls
 f - a scroll of fear
 h - a scroll of remove curse
 m - a scroll of identify
Potions
 d - 2 potions of lignification {unknown}
 g - a potion of magic {unknown}
 j - 3 potions of brilliance {unknown}
 l - a potion of invisibility {unknown}
Comestibles
 c - 3 rations
 p - 3 chunks of flesh


   Skills:
 + Level 3.5 Fighting
 * Level 2.9 Polearms
 + Level 2.5 Armour
 + Level 1.6 Dodging
 + Level 3.3 Invocations


You had 3 spell levels left.
You didn't know any spells.
Your spell library was empty.

Dungeon Overview and Level Annotations

Branches:
Dungeon (3/15)

Altars:
Fedhas
Ru

Annotations:
D:2 exclusion: oklob plant


Innate Abilities, Weirdness & Mutations

You have a pair of small antennae on your head.
You are slightly more attuned to the shadows.


Message History

You are too injured to fight recklessly!
As you read the scroll labeled VOUKID GAIGH, it crumbles to dust.
You feel as if something is helping you.
It was a scroll of remove curse.
The orc closely misses you.
Okay, then.
As you read the scroll labeled ORUONOSKOWN, it crumbles to dust.
It is a scroll of identify.
i - a scroll of blinking The orc misses you.
Blink to where?
Press: ? - help, Dir - move target cursor You are very lightly contaminated with residual magic.
As you read the scroll of blinking, it crumbles to dust.
The orc priest looks satisfied for a moment.
You hit the orc priest but do no damage.
The orc priest barely misses you.
You barely miss the orc priest.
The orc priest mumbles some strange prayers to Beogh against you.
Beogh smites you!
You die...

.# #...
.##..####
.#..#.. ##.....
.# ##.#..#
....#.....#####.
#..o.o.......
##.###@##.##.
#.# #o#
#.###.##.##.
#o##).......
#####.#.#.##.##.
#.....o.##.# #
#.#####.# ...
####.# #......#
#....# #.#.####


You could see an orc priest and 2 orcs.

Vanquished Creatures
  An orc wizard (D:3)
  An orc priest (D:3)
  An adder (D:2)
  A leopard gecko (D:1)
  3 orcs (D:3)
  2 giant cockroaches
  7 goblins
  6 hobgoblins
  6 jackals
  5 bats
  3 frilled lizards
  8 kobolds
  A rat (D:2)
45 creatures vanquished.

Vanquished Creatures (others)
  2 starspawn tentacles (Abyss:1)
  15 toadstools (D:2)
17 creatures vanquished.

Grand Total: 62 creatures vanquished

Notes
Turn   | Place    | Note
-------+----------+-------------------------------------------
     0 | Abyss:1  | tatocazan the Demonspawn Abyssal Knight began the quest for
                  | the Orb.
     0 | Abyss:1  | Reached XP level 1. HP: 18/18 MP: 2/2
    74 | Abyss:1  | Noticed a starcursed mass
    81 | Abyss:1  | Noticed a worldbinder
    82 | Abyss:1  | Noticed a tentacled starspawn
    83 | Abyss:1  | Noticed a yaktaur
    83 | Abyss:1  | Noticed a yaktaur
    83 | Abyss:1  | Noticed an ironheart preserver
    89 | D:1      | Escaped the Abyss
   512 | D:1      | Reached skill level 1 in Dodging
   676 | D:1      | Reached * piety under Lugonu
   910 | D:1      | Gained mutation: You have a pair of small antennae on your
                  | head. [demonic ancestry]
   910 | D:1      | Reached XP level 2. HP: 22/24 MP: 3/3
  1660 | D:2      | Reached XP level 3. HP: 27/29 MP: 5/5
  1713 | D:2      | Found a blossoming altar of Fedhas.
  1725 | D:2      | Noticed an oklob plant
  2028 | D:2      | Found a faded altar of an unknown god.
  2379 | D:3      | Reached ** piety under Lugonu
  2393 | D:3      | Gained mutation: You are slightly more attuned to the
                  | shadows. [demonic ancestry]
  2393 | D:3      | Reached XP level 4. HP: 25/35 MP: 6/6
  2637 | D:3      | Found a sacrificial altar of Ru.
  2873 | D:3      | Killed from afar by an orc priest

Vault maps used:
D:1:      dpeg_arrival_tiny_a, hangedman_glass_teeth
D:2:      first_ration, chequers_ecumenical_altar_simple, tgw_fedhas
D:3:      nicolae_ru_great_annihilating_truth, uniq_jessica

Skill      XL: |  1  2  3 |
---------------+----------+-----
Dodging        | 1 |  1.6
Polearms       | 2 |  2.9
Armour         | 2 |  2.5
Invocations    | 3 |  3.3
Fighting       | |  3.5

Action                   |  1- 3 |  4- 6 || total
-------------------------+-------+-------++-------
Melee: Spear             |   141 |    67 ||   208
Invok: Depart the Abyss  |     1 |       ||     1
  Use: Scroll            |     1 |     3 ||     4
 Stab: Distracted        |       |     1 ||     1
  Eat: Chunk             |     4 |     2 ||     6
Armor: Leather armour    |    33 |    17 ||    50
Dodge: Dodged            |    76 |    29 ||   105

Table legend:
 A = Non-vault XP
 B = Vault XP
 C = Vault XP percentage of total XP
 D = Non-vault monster count
 E = Vault monster count
 F = Vault count percentage of total count
                 A         B        C        D         E       F
            +---------+---------+-------+---------+---------+-------
      Total |     118 |      45 |  27.6 |      41 |       4 |   8.9
            +---------+---------+-------+---------+---------+-------
        D:1 |      39 |       0 |   0.0 |      23 |       0 |   0.0
        D:2 |      24 |       0 |   0.0 |       9 |       0 |   0.0
        D:3 |      55 |      45 |  45.0 |       9 |       4 |  30.8
            +---------+---------+-------+---------+---------+-------
